Map: Frozen Temple

Players

Siul

  • Race: Protoss Protoss
  • League: Gold

capac - Winner!

  • Race: Terran Terran
  • League: Gold

VOD

Have the link to the VOD?

Description

Time

  • Played on: April 14, 2016, 10:39 a.m.
  • Length: 20:45
Show
View Real Time Build Order
Export as new Build Order

Siul Protoss 

Build Orders:  

Get SALT Encoding   

  12  0:01  Probe (Chrono Boost)  
  13  0:11  Probe (Chrono Boost)  
  14  0:19  Pylon  
  14  0:22  Probe (Chrono Boost)  
  15  0:37  Probe (Chrono Boost)  
  15  0:38  Gateway  
  16  0:48  Probe (Chrono Boost), Assimilator  
  17  0:58  Probe (Chrono Boost)  
  17  1:03  Pylon  
  18  1:09  Probe (Chrono Boost)  
  19  1:15  Assimilator  
  19  1:19  Probe (Chrono Boost)  
  20  1:25  Cybernetics Core  
  20  1:30  Probe (Chrono Boost)  
  21  1:40  Probe (Chrono Boost)  
  22  1:49  Gateway  
  22  1:52  Gateway  
  22  2:02  Mothership Core (Chrono Boost)  
  24  2:09  Pylon  
  24  2:16  Adept  
  24  2:22  Pylon  
  26  2:28  Warp Gate (Chrono Boost)  
  26  2:29  Probe  
  27  2:44  Adept  
  27  2:45  Adept  
  31  3:00  Adept  
  32  3:16  Adept x2  
  36  3:27  Adept  
  38  3:43  Stalker x2  
  34  5:23  Stalker x2  
  34  5:24  Stalker  
  40  5:29  Stargate, Nexus  
  40  5:34  Robotics Facility  
  40  5:38  Twilight Council  
  40  5:39  Probe (Chrono Boost)  
  41  5:49  Stalker, Pylon  
  43  5:50  Probe (Chrono Boost)  
  43  5:51  Pylon  
  43  5:53  Stalker  
  46  6:00  Probe (Chrono Boost)  
  48  6:11  Probe (Chrono Boost)  
  48  6:19  Forge  
  48  6:22  Probe (Chrono Boost)  
  48  6:25  Pylon  
  49  6:26  Observer  
  49  6:29  Oracle (Chrono Boost)  
  54  6:32  Probe  
  54  6:38  Assimilator  
  54  6:45  Probe x2  
  56  6:56  Probe  
  56  6:57  Probe  
  58  7:06  Probe  
  59  7:10  Immortal  
  59  7:12  Protoss Ground Weapons Level 1  
  63  7:17  Probe  
  63  7:18  Assimilator  
  64  7:27  Probe, Blink  
  65  8:03  Immortal  
  66  8:05  Stalker  
  66  8:06  Stalker x2  
  66  8:07  Probe  
  73  8:14  Probe  
  73  8:18  Probe  
  75  8:26  Phoenix (Chrono Boost), Probe  
  78  8:41  Robotics Bay  
  78  8:42  Immortal  
  78  8:47  Photon Cannon  
  82  8:50  Probe  
  83  9:07  Nexus, Protoss Ground Armor Level 1  
  83  9:09  Zealot  
  85  9:18  Pylon  
  85  9:21  Pylon  
  85  9:26  Pylon  
  85  9:27  Pylon  
  85  9:37  Observer  
  84  9:41  Charge (Chrono Boost)  
  85  9:58  Photon Cannon  
  85  10:04  Zealot x3  
  91  10:13  Phoenix, Disruptor  
  96  10:25  Probe  
  97  10:35  Probe  
  97  10:36  Probe  
  97  10:38  Phoenix  
  97  10:40  Assimilator  
  97  10:41  Assimilator  
  101  10:44  Disruptor  
  101  10:46  Probe  
  101  10:48  Probe  
  101  10:49  Zealot x2  
  110  11:00  Protoss Ground Weapons Level 2  
  110  11:10  Zealot  
  112  11:43  Stalker x2  
  112  11:44  Stalker  
  118  12:09  Disruptor  
  118  12:10  Stalker  
  118  12:11  Stalker x2  
  127  12:40  Disruptor  
  71  13:29  Zealot x2  
  71  13:30  Zealot  
  71  13:31  Disruptor  
  77  13:35  Probe  
  81  13:45  Probe  
  82  13:51  Stalker x2  
  82  13:52  Stalker  
  88  13:56  Probe  
  88  14:02  Disruptor  
  89  14:06  Probe  
  93  14:16  Stalker  
  93  14:17  Probe, Stalker x2  
  73  14:26  Photon Cannon  
  73  14:28  Photon Cannon  
  67  14:54  Nexus  
  67  14:56  Pylon x2  
  67  14:57  Pylon  
  67  14:59  Pylon  
  53  15:01  Immortal  
  57  15:08  Stalker x2  
  57  15:09  Stalker  
  58  15:35  Immortal  
  47  16:07  Colossus  
  47  16:09  Zealot x3  
  57  16:21  Nexus  
  54  16:55  Pylon  
  54  16:56  Pylon  
  54  16:58  Pylon  
  54  17:05  Colossus  
  54  17:07  Pylon  
  54  17:10  Nexus  
  60  17:35  Stalker x2  
  60  17:36  Stalker  
  36  18:23  Stalker x3  
  40  19:07  Probe  
  41  19:16  Probe  
  42  19:18  Probe  
  43  19:27  Observer  
  43  19:28  Probe x2  
  46  19:39  Probe  
  46  19:40  Oracle  
  50  19:49  Probe  
  51  20:15  Stalker x2  
Show
View Real Time Build Order
Export as new Build Order

capac Terran - Winner!

Build Orders: Reaper Expand, MMM Bio 

Get SALT Encoding   

  12  0:01  SCV  
  13  0:13  SCV  
  14  0:18  Supply Depot  
  14  0:25  SCV  
  15  0:40  SCV  
  15  0:41  Barracks  
  16  0:44  Refinery  
  16  0:55  SCV  
  17  1:12  SCV  
  18  1:26  SCV  
  18  1:32  Reaper  
  20  1:35  Command Center  
  20  1:40  SCV  
  21  1:50  Barracks  
  21  1:52  SCV  
  22  2:04  Supply Depot, Marine  
  23  2:21  Orbital Command  
  23  2:25  Marine  
  24  2:31  Factory  
  24  2:39  Barracks Tech Lab  
  24  2:48  SCV  
  24  2:49  Bunker  
  25  2:52  Marine  
  25  2:58  Refinery  
  26  3:01  Marine  
  26  3:03  SCV  
  28  3:10  SCV  
  29  3:16  Factory Tech Lab  
  29  3:23  SCV  
  31  3:34  Orbital Command  
  31  3:35  Barracks Reactor  
  31  3:38  Supply Depot  
  31  3:40  SCV  
  31  3:48  Siege Tank  
  34  3:52  Supply Depot, SCV  
  30  4:04  SCV  
  31  4:19  Marine x2  
  31  4:20  Marine  
  31  4:21  Stimpack  
  33  4:32  Siege Tank  
  33  4:37  Starport, Marine x2  
  37  4:56  SCV x2  
  37  4:57  Marine x3  
  42  5:14  Marine  
  43  5:22  Marine x2, SCV  
  43  5:23  Siege Tank  
  43  5:25  Medivac  
  51  5:29  SCV  
  51  5:34  SCV  
  53  5:37  Marine  
  53  5:40  Marine x2  
  56  5:45  SCV  
  56  5:46  Barracks, SCV  
  58  5:55  Supply Depot  
  58  5:58  Siege Tank  
  61  6:07  SCV  
  61  6:08  Engineering Bay  
  62  6:16  SCV  
  62  6:17  Marine  
  62  6:18  Marine x2  
  66  6:19  SCV  
  66  6:24  Combat Shields  
  67  6:28  SCV  
  67  6:32  Medivac  
  70  6:37  Barracks Reactor  
  70  6:42  Command Center  
  70  6:50  Missile Turret x2  
  70  6:55  Supply Depot  
  70  6:59  Supply Depot  
  70  7:01  Marine  
  70  7:03  Marine, SCV x2  
  70  7:04  Starport Reactor  
  70  7:05  Siege Tank  
  76  7:16  Marine x3  
  76  7:22  SCV x2  
  81  7:26  Refinery x2, Marine  
  81  7:27  Marine  
  83  7:33  Terran Infantry Weapons Level 1  
  78  7:39  Missile Turret  
  76  7:49  SCV x2  
  74  7:52  Missile Turret  
  71  8:01  SCV x2  
  73  8:13  Marine x5, SCV  
  73  8:19  Medivac  
  81  8:20  SCV  
  82  8:29  SCV  
  82  8:32  SCV  
  82  8:33  Liberator  
  84  8:35  Marine x2  
  86  8:41  SCV  
  86  8:44  SCV  
  91  8:58  Marine x3  
  91  9:00  SCV  
  95  9:12  Marine x2  
  95  9:16  Marine x3  
  100  9:17  Siege Tank  
  100  9:20  Liberator  
  103  9:24  SCV x2  
  103  9:27  Orbital Command  
  105  9:38  Liberator  
  108  9:41  Terran Infantry Armor Level 1  
  108  9:42  Marine  
  109  9:48  Supply Depot  
  109  9:49  Barracks  
  109  9:51  Supply Depot  
  109  9:55  Marine  
  109  9:58  SCV x2  
  115  10:00  SCV  
  115  10:06  Liberator  
  116  10:13  SCV x2  
  118  10:15  Missile Turret  
  118  10:21  Liberator  
  124  10:28  Marine, Siege Tank  
  124  10:29  Marine x3  
  124  10:31  Marauder  
  124  10:32  Concussive Shells  
  130  10:36  Supply Depot  
  130  10:38  Supply Depot  
  130  10:41  SCV x2  
  135  10:55  SCV x2  
  135  10:56  SCV  
  138  10:57  Marine x4  
  138  10:58  Marauder  
  144  11:07  SCV x2  
  144  11:08  SCV  
  147  11:13  Missile Turret  
  147  11:17  Marine x3  
  147  11:18  Marine  
  151  11:19  Siege Tank  
  151  11:20  Marauder  
  156  11:27  SCV  
  157  11:34  SCV  
  157  11:37  Supply Depot  
  157  11:39  SCV  
  157  11:49  Barracks  
  157  11:50  Barracks  
  157  11:58  Siege Tank, SCV x3  
  163  12:02  Supply Depot  
  163  12:06  Supply Depot, Liberator x2  
  163  12:10  SCV  
  163  12:13  Supply Depot  
  163  12:14  SCV  
  165  12:22  Refinery  
  165  12:23  SCV  
  165  12:24  SCV  
  173  12:30  Missile Turret  
  173  12:31  Supply Depot  
  173  12:35  Supply Depot  
  173  12:39  Barracks Tech Lab  
  173  12:40  Reaper  
  173  12:41  Barracks Reactor  
  174  12:45  Barracks  
  174  12:47  Starport  
  174  12:48  Barracks  
  151  13:17  Medivac  
  151  13:18  Medivac  
  155  13:24  Marine x3  
  155  13:25  Marine x3  
  155  13:26  Marauder x2  
  149  13:51  Marine x5  
  149  13:52  Marauder, Marine  
  157  14:15  Marine x5  
  157  14:16  Marauder, Marine x2  
  157  14:58  Marine x5  
  157  14:59  Marauder, Marine x2  
  150  15:46  Liberator  
  150  15:47  Liberator  
  135  16:04  Marine x2  
  135  16:05  Marine x4  
  135  16:06  Marauder  
  143  16:17  Marine  
  144  16:19  Siege Tank  
  144  16:22  Marine x3  
  141  16:34  Marine x5  
  141  16:38  Starport Reactor  
  146  16:40  Factory, Marine x3  
  146  16:43  Barracks  
  146  16:46  Medivac  
  146  16:47  Medivac  
  153  16:51  Marine  
  153  16:52  Marine x2, Siege Tank  
  159  17:13  Command Center  
  159  17:15  Liberator x3  
  159  17:16  Liberator  
  159  17:23  Marine x3  
  159  17:24  Marine x2, Siege Tank  
  159  17:25  Marauder x2  
  171  17:30  Factory Tech Lab  
  183  17:46  Marauder x2  
  187  17:56  Siege Tank  
  184  18:04  Liberator x3  
  184  18:05  Liberator  
  124  18:17  Marine x7  
  124  18:18  Marauder x2  
  138  18:27  Orbital Command  
  138  18:40  Marauder x2  
  141  18:54  Liberator  
  141  19:01  Marauder  
  143  19:09  Medivac  
  145  19:10  Medivac x2  
  152  19:20  Marine x5  
  152  19:21  Marauder  
  152  19:22  Marauder  
  162  19:25  Barracks Reactor  
  162  19:27  Barracks Tech Lab  
  161  19:31  Barracks Reactor  
  161  19:39  Marine x5  
  161  19:40  Marine  
  161  19:42  Marauder  
  161  19:44  Marauder  
  171  19:57  Marine  
  172  20:04  Marauder, Marine x4  
  172  20:05  Marine x2  
  172  20:06  Marauder x2  
  184  20:08  Refinery  
  184  20:09  Refinery  
  184  20:13  Missile Turret  
  184  20:14  Marine  
  184  20:15  Marine x3  
  194  20:22  Marine x5  
  199  20:28  Armory  
Tags
 
Composition
MMM Bio
League
GoldGold
Matchup
PvT
Add a new tag
Caveats
  • Supply blocks, unpowered buildings, or Contaminate may cause inaccurate times.
  • Supply counts are checked every 10 seconds.